 Dungeon Crawl Stone Soup version 0.31-a0-963-ga325b2283a (webtiles) character file.

Game seed: 6388402106865276959

914 Maxmaps the Covert (level 8, -2/52 HPs)
             Began as an Octopode Shapeshifter on Oct 24, 2023.
             Was an Initiate of Gozag.
             Killed from afar by an orc wizard (6 damage)
             ... with a magic dart
             ... on level 5 of the Dungeon.
             The game lasted 00:05:12 (3674 turns).

Maxmaps the Covert (Octopode Shapeshifter)          Turns: 3674, Time: 00:05:14

Health: -2/52      AC:  1    Str: 14    XL:     8   Next: 9%
Magic:  8/8        EV: 16    Int: 14    God:    Gozag
Gold:   318        SH:  9    Dex: 11    Spells: 7/7 levels left

rFire   . .          .
                       - Unarmed
rCold   + . .        g - +0 kite shield
rNeg    . . .        (helmet currently unavailable)
rPois   .            (no amulet)
rElec   .            d - ring of resist corrosion
rCorr   +            f - +5 ring of evasion
SInv    .            i - ring of protection from cold
Will    .....        (no ring)
Stlth   +++++        (no ring)
HPRegen 0.28/turn    (no ring)
MPRegen 0.11/turn    (no ring)
                     (no ring)

%: no passive effects
@: brilliant, beast-form, invisible
A: beast (slay +1), almost no armour, amphibious, 8 rings, camouflage 1,
gelatinous body 1, (nimble swimmer 1), tentacles
a: Begin Untransformation, Renounce Religion, Potion Petition, Call Merchant,
Bribe Branch


You were on level 5 of the Dungeon.
You worshipped Gozag.
Gozag was aware of your devotion.
You were a hulking beast.
You visited 1 branch of the dungeon, and saw 5 of its levels.

You collected 382 gold pieces.
You paid 64 gold pieces to Gozag.

Inventory:

Armour
 g - a +0 kite shield (worn)
 l - a +0 hat
Jewellery
 d - a ring of resist corrosion (left tentacle)
 f - a +5 ring of evasion (right tentacle)
 i - a ring of protection from cold (on tentacle)
Talismans
 b - a beast talisman
 c - a flux talisman
 p - a blade talisman
Wands
 j - a wand of flame (30)
Scrolls
 h - a scroll of amnesia {unknown}
 k - 3 scrolls of teleportation
 n - 2 scrolls of enchant weapon {unknown}
Potions
 q - 2 potions of mutation


   Skills:
 - Level 3.0 Fighting
 - Level 2.0 Dodging
 - Level 8.0 Stealth
 + Level 6.0 Shields
 - Level 3.0 Unarmed Combat
 - Level 3.0 Shapeshifting


You had 7 spell levels left.
You didn't know any spells.
Your spell library contained the following spells:

 Spells                   Type           Power      Damage    Failure   Level
 Magic Dart               Conj           0%         1d3       63%         1
 Slow                     Hex            0%         N/A       63%         1
 Lesser Beckoning         Tloc           0%         N/A       77%         2
 Searing Ray              Conj           0%         2d4       77%         2
 Confusing Touch          Hex            0%         N/A       94%         3
 Ozocubu's Armour         Ice            0%         N/A       94%         3
 Sigil of Binding         Hex            0%         N/A       94%         3
 Vampiric Draining        Necr           0%         2d6       94%         3
 Fulminant Prism          Conj/Hex       0%         3d5       100%        4
 Iskenderun's Mystic Bla  Conj/Tloc      0%         2d3       100%        4
 Vhi's Electric Charge    Tloc/Air       0%         N/A       100%        4
 Metabolic Englaciation   Hex/Ice        0%         N/A       100%        5
 Ozocubu's Refrigeration  Ice            0%         4d7       100%        7
 Simulacrum               Ice/Necr       Unusable   N/A       N/A         6

Dungeon Overview and Level Annotations

Branches:
Dungeon (5/15)
 Temple: D:4-7

Altars:
Elyvilon
Gozag

Shops:
D:4 *


Innate Abilities, Weirdness & Mutations

You are a hulking beast.
Your limbs bulge with bestial killing power. (Slay +1)
You cannot wear most types of armour.
You are amphibious.
You can wear up to eight rings at the same time.
Your skin changes colour to match your surroundings (Stealth+).
Your rubbery body absorbs attacks. (AC +1, EV +1)
((You are camouflaged when in or above water. (Stealth+)))
You have tentacles for arms and can constrict up to eight enemies at once.


Message History

You hear some strange, mumbled words.
A puff of flame appears from out of thin air!
The puff of flame hits you! Something hits you.
You closely miss something. Something hits you.
You miss something. Your squeeze misses something.
You block something's attack.
You tentacle-slap something. You squeeze something. Something hits you.
* * * LOW HITPOINT WARNING * * *
Something hits you.
* * * LOW HITPOINT WARNING * * *
You tentacle-slap something. Something hits you.
* * * LOW HITPOINT WARNING * * *
It was a potion of cancellation.
You feel magically purged. Something hits you.
* * * LOW HITPOINT WARNING * * *
It was a potion of brilliance.
You feel clever all of a sudden. Something hits you.
* * * LOW HITPOINT WARNING * * *
Okay, then.
It was a potion of invisibility.
You fade into invisibility!
Something hits you.
* * * LOW HITPOINT WARNING * * *
You hear some strange, mumbled words.
A puff of flame appears from out of thin air!
The puff of flame misses you.
You hear some strange, mumbled words.
You are confused.
A magic dart appears from out of thin air!
You bump into the rock wall.
You bump into the rock wall.
Something hits you.
* * * LOW HITPOINT WARNING * * *
You bump into the rock wall.
You feel less confused.
You hear some strange, mumbled words.
A magic dart appears from out of thin air!
The magic dart hits you.
You die...
Your body crumbles into a pile of gold.

### ..# ########## #### ####.#
########........# #.... #....#
#...........##..#
♣..##.##.#####.######..#.##..#
♣.$$.##....z{h# #..#..#..#
#.....####### #..##.#..#
####.####### #[.......#
#..........# #.......##
#.##.##.##.# ### #####.###
#.##.##.##.###.### ###.###
#.##.......#.....# #.....#
#.##.#.....#.....## #.....#
#.##..............# #.....#


You could see a wight (unable to see you).

Vanquished Creatures
  Sigmund (D:4)
  Pargi (D:4)
  A gnoll bouda (D:5)
  3 orc priests
  A sleepcap (D:5)
  Jessica (D:2)
  Ijyb (D:3)
  Terence (D:2)
  2 orc wizards
  Natasha (thrice) (D:2 D:1)
  3 iguanas
  5 adders
  10 gnolls
  4 worms
  9 orcs
  4 bats
  8 endoplasms
  3 giant cockroaches
  7 hobgoblins
  5 kobolds
  3 quokkas
  7 ball pythons
  3 frilled lizards
  11 goblins
  9 rats
106 creatures vanquished.

Notes
Turn   | Place    | Note
-------+----------+-------------------------------------------
     0 | D:1      | Maxmaps the Octopode Shapeshifter began the quest for the
                  | Orb.
     0 | D:1      | Reached XP level 1. HP: 13/13 MP: 1/1
    80 | D:1      | Reached skill level 1 in Stealth
   110 | D:1      | Reached skill level 2 in Stealth
   317 | D:1      | Reached XP level 2. HP: 17/18 MP: 2/2
   448 | D:1      | Reached skill level 3 in Stealth
   672 | D:2      | Reached XP level 3. HP: 10/23 MP: 3/3
   672 | D:2      | Noticed Natasha
   755 | D:2      | Killed Natasha
   756 | D:2      | Reached skill level 4 in Stealth
   768 | D:2      | Noticed Natasha
   773 | D:2      | Killed Natasha
   774 | D:2      | Reached skill level 5 in Stealth
   774 | D:2      | Reached XP level 4. HP: 22/28 MP: 4/4
   801 | D:2      | Noticed Natasha
   803 | D:2      | Noticed Jessica
   849 | D:1      | Killed Natasha
   850 | D:1      | Reached skill level 6 in Stealth
   979 | D:2      | Killed Jessica
   980 | D:2      | Reached XP level 5. HP: 15/34 MP: 5/5
  1122 | D:2      | Noticed Terence
  1133 | D:2      | Killed Terence
  1201 | D:2      | Identified the +0 robe "Ycupp" {Dex+2}
  1389 | D:2      | Reached skill level 7 in Stealth
  1525 | D:3      | Reached XP level 6. HP: 39/39 MP: 6/6
  1534 | D:3      | Noticed Ijyb
  1544 | D:3      | Killed Ijyb
  1545 | D:3      | Reached skill level 8 in Stealth
  2219 | D:4      | Identified the "Ofeibbel"
  2383 | D:4      | Found Mycvet's General Store.
  2506 | D:4      | Reached skill level 1 in Shields
  2571 | D:4      | Found an opulent altar of Gozag.
  2599 | D:4      | Noticed Sigmund
  2609 | D:4      | Killed Sigmund
  2610 | D:4      | Reached XP level 7. HP: 46/46 MP: 7/7
  2635 | D:4      | Became a worshipper of Gozag Ym Sagoz the Greedy
  3119 | D:4      | Noticed Pargi
  3138 | D:4      | Killed Pargi
  3255 | D:4      | Found a white marble altar of Elyvilon.
  3394 | D:5      | Entered Level 5 of the Dungeon
  3402 | D:5      | Reached skill level 5 in Shields
  3644 | D:5      | Reached XP level 8. HP: 52/52 MP: 8/8
  3674 | D:5      | Killed from afar by an orc wizard

Illustrated notes

Levels and vault maps discovered:
D:1:      psy_arrival_fountain, layout_loops_ring
D:2:      minmay_spotlight, layout_rooms, uniq_terence, uniq_natasha,
          uniq_jessica
D:3:      layout_loops_ring, uniq_ijyb
D:4:      layout_loops_cross, mainiacjoe_overflow_paths,
          grunt_gozag_breadcrumbs, serial_shops, shop, serial_bayou_lagoon_a,
          kennysheep_generic_room_16, uniq_pargi, uniq_sigmund
D:5:      layout_loops_cross, kennysheep_generic_room_14,
          uniq_crazy_yiuf_cottage

Skill      XL: |  1  2  3  4  5  6  7  8 |
---------------+-------------------------+-----
Stealth        | 2 3 5 6 7 8 |  8.0
Fighting       | 2 3 |  3.0
Shields        | 3 5 6 |  6.0
Dodging        | |  2.0
Unarmed Combat | |  3.0
Shapeshifting  | |  3.0

Action                     |  1- 3 |  4- 6 |  7- 9 || total
---------------------------+-------+-------+-------++-------
  Melee: Unarmed           |    45 |   139 |    80 ||   264
         Constrict         |     8 |    32 |    16 ||    56
         Tentacles         |     6 |    36 |    21 ||    63
         Punch             |     1 |     4 |     4 ||     9
    Use: Scroll            |       |     3 |     1 ||     4
         Potion            |       |       |     4 ||     4
   Stab: Sleeping          |     9 |    17 |     6 ||    32
         Distracted        |       |     1 |       ||     1
 Armour: Skin              |    11 |    37 |    51 ||    99
  Dodge: Dodged            |    17 |    81 |    42 ||   140
  Block: Kite shield       |       |    28 |    43 ||    71

Table legend: (Time is in decaauts)
 A = Elapsed time spent in this place.
 B = Non-inter-level travel time spent in this place.
 C = Inter-level travel time spent in this place.
 D = Time resting spent in this place.
 E = Time spent auto-exploring this place.
 F = Levels seen in this place.
 G = Mean time per level.
                   A        B        C        D        E       F      G
               +--------+--------+--------+--------+--------+-----+--------+
         Total |   3708 |   3520 |    188 |    629 |   2130 |   5 |  741.6 |
       Dungeon |   3708 |   3520 |    188 |    629 |   2130 |   5 |  741.6 |
               +--------+--------+--------+--------+--------+-----+--------+

Top non-repeatable levels by time:
     D:4: 1044 daAuts
     D:3: 967 daAuts
     D:1: 858 daAuts
     D:2: 553 daAuts
     D:5: 284 daAuts
